 Dungeon Crawl Stone Soup version 0.25-a0-1130-g3926558f3a (webtiles) character file.

Game seed: 11252337581440603414, levelgen mode: classic

125 Amnesiac the Digger (level 5, 0/24 HPs)
             Began as a Vine Stalker Earth Elementalist on May 20, 2020.
             Succumbed to a worker ant's poison
             ... on level 4 of the Dungeon.
             The game lasted 00:04:33 (2282 turns).

Amnesiac the Digger (VSEE)                          Turns: 2282, Time: 00:04:33

Health: 0/24       AC:  6    Str: 10 (12) XL:     5   Next: 9%
Magic:  1/10       EV: 10    Int: 12 (15) God:
Gold:   138        SH:  0    Dex: 13 (14) Spells: 3/10 levels left

rFire    . . .     SeeInvis .   e - +0 dagger
rCold    + . .     Gourm    .   (no shield)
rNeg     . . .     Faith    .   o - +1 ring mail {rC+}
rPois    .         Spirit   +   (no helmet)
rElec    .         Reflect  .   (no cloak)
rCorr    .         Harm     .   (no gloves)
MR       .....                  (no boots)
Stlth    ++........             (no amulet)
HPRegen  0.48/turn              (no ring)
MPRegen  0.12/turn              (no ring)

@: lethally poisoned (0 -> -10), very slightly contaminated
A: fangs 2, regeneration 1, magic shield, antimagic bite, no potion heal 3, rot
immunity
a: no special abilities


You were on level 4 of the Dungeon.
You were hungry.

You visited 1 branch of the dungeon, and saw 4 of its levels.

You collected 138 gold pieces.

Inventory:

Hand Weapons
 e - a +0 dagger (weapon)
Missiles
 b - 124 stones (quivered)
Armour
 o - a +1 ring mail of cold resistance (worn)
Jewellery
 c - an uncursed ring of ice {unknown}
Scrolls
 a - a scroll of immolation {!r, unknown}
 f - 4 scrolls of identify {!r, unknown}
 h - 2 scrolls of teleportation {!r, unknown}
 i - a scroll of enchant weapon {!r, unknown}
 j - 2 scrolls of fog {!r, unknown}
 m - a scroll of blinking {!r, unknown}
Potions
 g - a potion of might {!q, unknown}
 k - a potion of degeneration {!q}
 l - a potion of curing {!q, unknown}
 n - a potion of brilliance {!q, unknown}
Comestibles
 d - 5 rations


   Skills:
 + Level 2.9 Short Blades
 - Level 1.5 Dodging
 - Level 3.0 Stealth
 - Level 3.0 Spellcasting
 * Level 2.2 Transmutations
 - Level 3.0 Earth Magic


You had 3 spell levels left.
You knew the following spells:

 Your Spells              Type           Power        Failure   Level  Hunger
a - Sandblast             Erth           #.....       19%         1    #......
b - Passwall              Tmut/Erth      #.......     32%         2    ###....
e - Petrify               Tmut/Erth      #.......     91%         4    #####..

Your spell library contained the following spells:

 Spells                   Type           Power        Failure   Level  Hunger
 Stone Arrow              Conj/Erth      #.....       71%         3    ###....
 Lee's Rapid Deconstruct  Erth           #.........   99%         5    ######.


Dungeon Overview and Level Annotations

Branches:
Dungeon (4/15)
 Temple: D:4-7

Altars:
Nemelex Xobeh


Innate Abilities, Weirdness & Mutations

You have extremely sharp teeth.
Your natural rate of healing is unusually fast.
When hurt, damage is shared between your health and your magic reserves.
Your bite disrupts and absorbs the magic of your enemies.
Potions cannot restore your health.
You are immune to rotting.


Message History

The worker ant bites you.
* * * LOW HITPOINT WARNING * * *
You barely miss the worker ant.
The worker ant is almost dead.
You feel sick.
The worker ant bites you but does no damage.
You hit the worker ant but do no damage.
The worker ant is almost dead.
The worker ant completely misses you.
You hit the worker ant but do no damage.
The worker ant is almost dead.
The worker ant bites you.
* * * LOW HITPOINT WARNING * * *
You are more poisoned.
The worker ant poisons you!
You barely miss the worker ant.
The worker ant is almost dead.
You feel sick.
The worker ant bites you but does no damage.
You hit the worker ant.
The worker ant is almost dead.
You feel sick. The worker ant closely misses you.
You are too injured to fight recklessly!
You are too injured to fight recklessly!
You are too injured to fight recklessly!
You are too injured to fight recklessly!
You are too injured to fight recklessly!
You are too injured to fight recklessly!
You are too injured to fight recklessly!
You hit the worker ant but do no damage.
The worker ant is almost dead.
The worker ant closely misses you.
Unknown command.
You hit the worker ant but do no damage.
The worker ant is almost dead.
You feel sick. The worker ant bites you.
* * * LOW HITPOINT WARNING * * *
You are lethally poisoned!
The worker ant poisons you!
Unknown command.
You hit the worker ant but do no damage.
You bite the worker ant, but do no damage.
The worker ant is almost dead.
* * * LOW HITPOINT WARNING * * *
You feel sick. The worker ant bites you.
* * * LOW HITPOINT WARNING * * *
You are more poisoned.
The worker ant poisons you!
Unknown command.
Casting: Sandblast (safe; 13% risk of failure)
Confirm with . or Enter, or press ? or * to list all spells.
Aiming: Sandblast (safe; 13% risk of failure)
Press: ? - help, Shift-Dir - straight line, f/p - worker ant
Aim: a worker ant (almost dead)
You miscast Sandblast.
Nothing appears to happen.
* * * LOW HITPOINT WARNING * * *
You feel sick. The worker ant barely misses you.
The worker ant closely misses you.
Unknown command.
Really quaff
k - 2 golden potions {!q}?
It was a potion of degeneration {!q}.
There was something very wrong with that liquid.
You feel weakened.
You feel dopey.
You feel clumsy.
You die...

..............#....
#.......#....#...#
#.......#....#...
#.......#.##.#
#####
#########'####
...... #..#'...#
......####..##...#
.......#.#.##....#
......a@#.#....###
.......#.#.###+#
..$...####..#
...... #..# #####
####


You could see a worker ant.

Vanquished Creatures
  An orc wizard (D:3)
  3 adders
  An ooze (D:2)
  2 worms
  2 dart slugs
  4 leopard geckos
  2 orcs (D:3)
  A ball python (D:3)
  8 bats
  2 giant cockroaches
  3 goblins
  6 hobgoblins
  2 jackals (D:3)
  3 frilled lizards
  6 kobolds
  5 rats
51 creatures vanquished.

Notes
Turn   | Place    | Note
-------+----------+-------------------------------------------
     0 | D:1      | Amnesiac the Vine Stalker Earth Elementalist began the
                  | quest for the Orb.
     0 | D:1      | Reached XP level 1. HP: 9/9 MP: 4/4
   471 | D:1      | Reached XP level 2. HP: 10/13 MP: 3/6
   475 | D:1      | Learned a level 2 spell: Passwall
  1020 | D:2      | Reached skill level 1 in Short Blades
  1020 | D:2      | Reached XP level 3. HP: 16/16 MP: 3/8
  1380 | D:2      | Gained mutation: Your natural rate of healing is unusually
                  | fast. [Vine Stalker growth]
  1380 | D:2      | Reached XP level 4. HP: 17/21 MP: 9/9
  1391 | D:2      | Learned a level 4 spell: Petrify
  2114 | D:3      | Reached XP level 5. HP: 14/24 MP: 3/10
  2212 | D:4      | Found a sparkling altar of Nemelex Xobeh.
  2281 | D:4      | HP: 1/24 [poisoned by a worker ant]
  2282 | D:4      | Succumbed to a worker ant's poison

Illustrated notes

Levels and vault maps discovered:
D:1:      nicolae_arrival_somewhat_less_tricky_arrival, layout_basic
D:2:      layout_rooms
D:3:      layout_rooms, minmay_liquid_box
D:4:      layout_gridville, marbit_many_paths, kennysheep_little_box,
          nemelex_xobeh_ov_fountains_minmay, minmay_temple_entry_slanted,
          minivault_4, wad_rectangle_vault

Skill      XL: |  1  2  3  4 |
---------------+-------------+-----
Spellcasting   | 3 |  3.0
Short Blades   | 1 2 |  2.9
Stealth        | 3 |  3.0
Transmutations | 2 |  2.2
Dodging        | |  1.5
Earth Magic    | |  3.0

Action                   |  1- 3 |  4- 6 || total
-------------------------+-------+-------++-------
Melee: Unarmed           |    36 |       ||    36
       Dagger            |    67 |    92 ||   159
       Bite              |    19 |    20 ||    39
 Cast: Sandblast         |     8 |    14 ||    22
  Use: Potion            |       |     1 ||     1
 Stab: Sleeping          |     5 |     2 ||     7
  Eat: Chunk             |     2 |     2 ||     4
Armor: Robe              |    21 |    20 ||    41
       Ring mail         |       |    19 ||    19
Dodge: Dodged            |    88 |    69 ||   157

Table legend:
 A = Non-vault XP
 B = Vault XP
 C = Vault XP percentage of total XP
 D = Non-vault monster count
 E = Vault monster count
 F = Vault count percentage of total count
                 A         B        C        D         E       F
            +---------+---------+-------+---------+---------+-------
      Total |     179 |       0 |   0.0 |      51 |       0 |   0.0
            +---------+---------+-------+---------+---------+-------
        D:1 |      16 |       0 |   0.0 |      10 |       0 |   0.0
        D:2 |      68 |       0 |   0.0 |      20 |       0 |   0.0
        D:3 |      95 |       0 |   0.0 |      21 |       0 |   0.0
            +---------+---------+-------+---------+---------+-------
